 Dungeon Crawl Stone Soup version 0.21-a0-286-g6fcecc0 (webtiles) character file.

2789 Argmax the Carver (level 9, -3/56 HPs)
             Began as a Tengu Air Elementalist on Sept 28, 2017.
             Was a High Priest of Zin.
             Slain by a hog (7 damage)
             ... on level 8 of the Dungeon.
             The game lasted 00:52:16 (8939 turns).

Argmax the Carver (Tengu Air Elementalist)          Turns: 8939, Time: 00:52:17

Health: -3/56      AC:  8    Str: 11    XL:     9   Next: 71%
Magic:  7/13       EV: 14    Int: 16    God:    Zin [*****.]
Gold:   407        SH:  0    Dex: 15    Spells: 9/12 levels left

rFire    . . .     SeeInvis .   u - +0 long sword
rCold    . . .     Gourm    .   (no shield)
rNeg     . . .     Faith    .   w - +0 ring mail
rPois    .         Spirit   .   (helmet restricted)
rElec    .         Reflect  .   (no cloak)
rCorr    .         Harm     .   q - +1 pair of gloves
MR       .....                  (boots unavailable)
Stlth    +.........             (no amulet)
HPRegen  0.18/turn              (no ring)
MPRegen  0.13/turn              (no ring)

@: no status effects
A: beak, talons 3, able to fly 1
a: Fly, Recite, Vitalisation, Imprison, Sanctuary, Donate Gold, Renounce
Religion


You were on level 8 of the Dungeon.
You worshipped Zin.
Zin was extremely pleased with you.
You were not hungry.

You visited 1 branch of the dungeon, and saw 8 of its levels.

You collected 452 gold pieces.
You donated 45 gold pieces to Zin.

Inventory:

Hand Weapons
 u - a +0 long sword (weapon)
Missiles
 e - 225 stones (quivered)
 m - 11 javelins
Armour
 q - a +1 pair of gloves (worn)
 w - a +0 ring mail (worn)
Wands
 l - a wand of disintegration (0/24)
 o - a wand of digging (8/24)
 p - a wand of random effects (39/48)
 C - a wand of enslavement (5/24)
 H - a wand of iceblast (3/15)
Scrolls
 a - a scroll of noise {unknown}
 f - 4 scrolls of teleportation
 i - a scroll of enchant armour
 j - 3 scrolls of fear
 k - 2 scrolls of amnesia
 n - 3 scrolls of remove curse
 v - a scroll of identify
 x - 4 scrolls of fog
 y - a scroll of recharging {unknown}
 z - a scroll of blinking {unknown}
 E - a scroll of immolation {unknown}
Potions
 c - 2 potions of mutation
 d - 2 potions of ambrosia
 g - a potion of magic
 h - 3 potions of curing
 G - a potion of brilliance {unknown}
Books
 b - a book of Air

   Spells                             Type                      Level
   a - Shock                          Conjuration/Air              1
   b - Swiftness                      Charms/Air                   2
   c - Static Discharge               Conjuration/Air              3
   d - Airstrike                      Air                          4
   e - Lightning Bolt                 Conjuration/Air              5
 r - a book of Minor Magic

   Spells                             Type                      Level
   a - Magic Dart                     Conjuration                  1
   b - Blink                          Translocation                2
   c - Call Imp                       Summoning                    2
   d - Slow                           Hexes                        2
   e - Conjure Flame                  Conjuration/Fire             3
   f - Mephitic Cloud                 Conjuration/Poison/Air       3
 B - a book of Flames

   Spells                             Type                      Level
   a - Flame Tongue                   Conjuration/Fire             1
   b - Throw Flame                    Conjuration/Fire             2
   c - Conjure Flame                  Conjuration/Fire             3
   d - Inner Flame                    Hexes/Fire                   3
   e - Sticky Flame                   Conjuration/Fire             4
   f - Fireball                       Conjuration/Fire             5
Comestibles
 s - 2 bread rations
 t - 3 meat rations
 A - 2 royal jellies
 F - 2 fruits
 I - 7 chunks of flesh


   Skills:
 + Level 6.6 Fighting
 * Level 8.0 Long Blades
 + Level 4.3 Armour
 + Level 7.4 Dodging
 - Level 2.0 Stealth
 - Level 2.0 Spellcasting
 - Level 1.3 Conjurations
 - Level 4.0 Air Magic
 + Level 2.2 Invocations


You had 9 spell levels left.
You knew the following spells:

 Your Spells              Type           Power        Failure   Level  Hunger
a - Shock                 Conj/Air       ##..         16%         1    #......
b - Swiftness             Chrm/Air       #.......     30%         2    ###....


Dungeon Overview and Level Annotations

Branches:
Dungeon (8/15)             Temple (0/1) D:4
   Lair: D:8-11

Altars:
Dithmenos
Fedhas
Gozag
Hepliaklqana
Makhleb
Nemelex Xobeh
Qazlal
Ru
Sif Muna
Trog
Uskayaw
Zin

Shops:
D:4 *   D:6 =

Annotations:
D:2 exclusion: adder


Innate Abilities, Weirdness & Mutations

You have a beak for a mouth.
You have claws for feet.
You can fly.


Message History

The hog is severely wounded.
Casting: Shock
Confirm with . or Enter, or press ? or * to list all spells.
Aiming: Shock
Press: ? - help, Shift-Dir - straight line The zap hits the hog.
The hog is heavily wounded.
The zap hits the hog.
The hog is almost dead.
The hog bites you!
* * * LOW HITPOINT WARNING * * *
The hog bites you!
* * * LOW HITPOINT WARNING * * *
The hog closely misses you.
You riposte.
You hit the hog. You claw the hog, but do no damage.
The hog is heavily wounded.
The hog bites you.
* * * LOW HITPOINT WARNING * * *
The hog bites you!
You die...

#.....#########
##..#...........
#..........####
#.#..#.....# .# #
#..#.....##### .#
#..#..#......# .#
####..#...h..##.#
#..#..#.h..#.#
####..#..@.#.#
#..#..#...#
####..#..######
#..#.......#
####!#####+## #
#.#......# #.
#.#......#
...#..#........###...
....................≈


You could see 2 hogs.

Vanquished Creatures
  2 hogs (D:8)
  4 orc warriors
  3 black bears (D:6)
  3 ice beasts
  A phantom (D:5)
  2 centaurs
  3 bullfrogs
  3 scorpions (D:5)
  2 crimson imps (D:6)
  A centaur skeleton (D:4)
  A quasit (D:7)
  3 orc priests
  3 hounds
  A jelly (D:6)
  9 orc wizards
  Natasha (thrice) (D:2)
  Ijyb (D:5)
  7 worker ants
  A hound zombie (D:5)
  8 adders
  A shadow imp (D:7)
  An ooze (D:3)
  An adder skeleton (D:6)
  2 worms
  3 dart slugs
  A leopard gecko (D:5)
  29 orcs
  3 giant cockroaches
  4 goblins
  6 hobgoblins
  2 jackals
  5 kobolds
  A quokka (D:5)
  A ball python (D:4)
  7 bats
  10 frilled lizards
  A leopard gecko zombie (D:7)
  4 rats
143 creatures vanquished.

Vanquished Creatures (others)
  A human (D:8)
1 creature vanquished.

Grand Total: 144 creatures vanquished

Notes
Turn   | Place    | Note
-------+----------+-------------------------------------------
     0 | D:1      | Argmax the Tengu Air Elementalist began the quest for the Orb.
     0 | D:1      | Reached XP level 1. HP: 10/10 MP: 4/4
   249 | D:1      | Reached skill level 1 in Fighting
   249 | D:1      | Reached XP level 2. HP: 16/16 MP: 4/6
   948 | D:2      | Learned a level 2 spell: Swiftness
  1002 | D:2      | Reached XP level 3. HP: 20/20 MP: 2/7
  1150 | D:2      | Found a glowing silver altar of Zin.
  1235 | D:2      | Became a worshipper of Zin the Law-Giver
  1690 | D:2      | Noticed Natasha
  1699 | D:2      | Killed Natasha
  1699 | D:2      | Reached XP level 4. HP: 20/27 MP: 3/8
  1767 | D:2      | Noticed Natasha
  1787 | D:2      | Killed Natasha
  1890 | D:2      | Reached * piety under Zin
  1894 | D:2      | Found an opulent altar of Gozag.
  2006 | D:2      | Found a burning altar of Makhleb.
  2342 | D:2      | Noticed Natasha
  2355 | D:2      | Killed Natasha
  2355 | D:2      | Gained mutation: You can fly. [Tengu growth]
  2355 | D:2      | Reached XP level 5. HP: 32/32 MP: 7/9
  2756 | D:3      | Found a bloodstained altar of Trog.
  3009 | D:3      | Reached skill level 1 in Long Blades
  3076 | D:3      | Reached ** piety under Zin
  3647 | D:4      | Found Xuwoethrithro's General Store.
  3752 | D:4      | Reached skill level 2 in Long Blades
  3752 | D:4      | Reached XP level 6. HP: 38/38 MP: 4/10
  3821 | D:4      | Found a staircase to the Ecumenical Temple.
  3960 | D:4      | Reached skill level 5 in Dodging
  4067 | D:4      | Reached skill level 3 in Long Blades
  4067 | D:4      | Reached XP level 7. HP: 25/44 MP: 4/11
  4490 | D:4      | Reached *** piety under Zin
  4783 | D:4      | Found a stormy altar of Qazlal.
  4783 | D:4      | Found a sacrificial altar of Ru.
  4783 | D:4      | Found a hide-covered altar of Uskayaw.
  4783 | D:4      | Found a deep blue altar of Sif Muna.
  4800 | D:4      | Got a slimy dagger
  4802 | D:4      | Found a bloodstained altar of Trog.
  4802 | D:4      | Found a blossoming altar of Fedhas.
  4815 | D:4      | Identified the +7 dagger "Mayloxuq" {elec, *Slow Fragile +Inv rPois} (You found it on level 4 of the Dungeon)
  4837 | D:5      | Entered Level 5 of the Dungeon
  5045 | D:5      | Reached skill level 5 in Fighting
  5045 | D:5      | Reached skill level 4 in Long Blades
  5128 | D:5      | Found a sparkling altar of Nemelex Xobeh.
  5559 | D:5      | Found a shadowy altar of Dithmenos.
  5593 | D:5      | Reached XP level 8. HP: 49/49 MP: 8/12
  5622 | D:5      | Noticed Ijyb
  5637 | D:5      | Killed Ijyb
  5664 | D:5      | Reached **** piety under Zin
  5778 | D:5      | Reached skill level 1 in Armour
  5983 | D:6      | Reached skill level 5 in Long Blades
  6380 | D:6      | Found a bloodstained altar of Trog.
  6432 | D:6      | Reached skill level 6 in Long Blades
  6767 | D:6      | Found Nyaty's Jewellery Shop.
  6853 | D:6      | Reached XP level 9. HP: 10/55 MP: 10/13
  7089 | D:6      | Reached skill level 7 in Long Blades
  7725 | D:7      | Got a slimy robe
  7729 | D:7      | Identified the cursed +1 robe of Imperfection {Str+4} (You found it on level 7 of the Dungeon)
  7785 | D:7      | Found a hazy altar of Hepliaklqana.
  7832 | D:7      | Reached ***** piety under Zin
  7902 | D:7      | Reached skill level 1 in Invocations
  8927 | D:8      | Reached skill level 8 in Long Blades
  8939 | D:8      | Slain by a hog

Vault maps used:
D:1:      sevenhm_arrival_forest_fort_small_4, minmay_misc_feat_plants
D:2:      lemuel_crystal_altar, nicolae_overflow_crystal_walls,
          grunt_ministairs_14, makhleb_heckhound_becter, uniq_natasha
D:3:      first_bread, fountainhead, hangedman_decor_clover_reticule,
          trog_three_pillars_becter
D:4:      minmay_overflow_temple_hex, minmay_temple_entry_statues_fountains,
          serial_shops, shop, minmay_misc_feat_room
D:5:      nemelex_xobeh_ov_fountains_minmay, lemuel_round_altar, uniq_ijyb
D:6:      serial_shops, shop, trog_ov_bears_minmay
D:7:      lemuel_round_altar
D:8:      erik_lair_island, grunt_livestock, st_stairs_8,
          hangedman_abyss_or_decor_stagger, minivault_24

Skill      XL: |  1  2  3  4  5  6  7  8  9 |
---------------+----------------------------+-----
Fighting       | 1 2 3 4 5 6 |  6.6
Dodging        | 3 4 5 6 7 |  7.4
Long Blades    | 2 3 4 6 8 |  8.0
Armour         | 3 4 |  4.3
Invocations    | 2 |  2.2
Stealth        | |  2.0
Spellcasting   | |  2.0
Conjurations   | |  1.3
Air Magic      | |  4.0

Action                   |  1- 3 |  4- 6 |  7- 9 || total
-------------------------+-------+-------+-------++-------
Melee: Mace              |     3 |       |       ||     3
       Short sword       |    14 |    10 |       ||    24
       Kick              |     5 |    14 |    68 ||    87
       Peck              |     3 |    13 |    39 ||    55
       Long sword        |       |    43 |   181 ||   224
Throw: Stone             |       |     1 |     1 ||     2
 Cast: Shock             |    48 |    60 |   148 ||   256
Invok: Recite            |       |       |     3 ||     3
 Abil: Fly               |       |       |     2 ||     2
Evoke: Wand              |       |       |     8 ||     8
  Use: Scroll            |       |     6 |     9 ||    15
       Potion            |       |       |     2 ||     2
 Stab: Sleeping          |       |     3 |       ||     3
  Eat: Chunk             |     1 |     7 |     8 ||    16
       Bread ration      |     1 |       |     2 ||     3
       Fruit             |       |       |     2 ||     2
Armor: Robe              |     2 |       |       ||     2
       Leather armour    |    10 |    14 |       ||    24
       Ring mail         |       |       |    63 ||    63
Dodge: Dodged            |    24 |    65 |   190 ||   279
       Rpst.: Long sword |       |    14 |    55 ||    69

Table legend:
 A = Spawn XP
 B = Non-spawn XP
 C = Spawn XP percentage of total XP
 D = Spawn monster count
 E = Non-spawn monster count
 F = Spawn count percentage of total count
 G = Total turns spent on level
                    A         B        C        D         E        F      G
               +---------+---------+-------+---------+---------+-------+---------
         Total |       0 |    3985 |   0.0 |       0 |     143 |   0.0 |  8939
               +---------+---------+-------+---------+---------+-------+---------
           D:1 |       0 |      27 |   0.0 |       0 |      14 |   0.0 |   835
           D:2 |       0 |     170 |   0.0 |       0 |      17 |   0.0 |  1579
           D:3 |       0 |     110 |   0.0 |       0 |      21 |   0.0 |  1209
           D:4 |       0 |     555 |   0.0 |       0 |      25 |   0.0 |  1234
           D:5 |       0 |     448 |   0.0 |       0 |      12 |   0.0 |   973
           D:6 |       0 |    1402 |   0.0 |       0 |      25 |   0.0 |  1661
           D:7 |       0 |     677 |   0.0 |       0 |      23 |   0.0 |  1206
           D:8 |       0 |     596 |   0.0 |       0 |       6 |   0.0 |   242
               +---------+---------+-------+---------+---------+-------+---------
